 Dungeon Crawl Stone Soup version 0.31-a0-819-gf6de2f5ab6 (webtiles) character file.

Game seed: 12345796100103942542

833 qw the Skirmisher (level 7, -1/44 HPs)
             Began as a Gargoyle Hunter on Sept 23, 2023.
             Was an Initiate of Okawaru.
             Slain by an iguana (8 damage)
             ... on level 5 of the Dungeon.
             The game lasted 00:01:35 (3775 turns).

qw the Skirmisher (Gargoyle Hunter)                 Turns: 3775, Time: 00:01:35

Health: -1/44      AC: 12    Str: 15    XL:     7   Next: 98%
Magic:  7/7        EV: 11    Int:  9    God:    Okawaru [......]
Gold:   243        SH:  0    Dex: 15    Spells: 6/6 levels left

rFire   + . .        Y - +0 orcbow
rCold   . . .        (shield currently unavailable)
rNeg    + . .        j - +0 ring mail {rF+}
rPois   inf          b - +0 helmet
rElec   +            e - +0 cloak
rCorr   .            (no gloves)
SInv    .            (no boots)
Will    .....        (no amulet)
Stlth   +            (no ring)
HPRegen 0.27/turn    (no ring)
MPRegen 0.10/turn

%: no passive effects
@: no status effects
A: sickness immunity, AC +4, negative energy resistance 1, electricity
resistance, torment resistance 1, petrification resistance
a: Renounce Religion


You were on level 5 of the Dungeon.
You worshipped Okawaru.
Okawaru was noncommittal.
You visited 2 branches of the dungeon, and saw 6 of its levels.

You collected 243 gold pieces.


Innate Abilities, Weirdness & Mutations

You are immune to sickness and miasma.
Your stone body is resilient. (AC +4)
You are immune to poison.
You resist negative energy. (rN+)
You are resistant to electric shocks. (rElec)
You are resistant to unholy torment.
You are immune to petrification.


   Skills:
 + Level 4.7 Fighting
 - Level 8.4 Ranged Weapons
 - Level 2.5 Armour
 - Level 1.5 Dodging
 - Level 1.1 Stealth


You had 6 spell levels left.
You didn't know any spells.
Your spell library was empty.

Inventory:

Hand Weapons
 Y - a +0 orcbow (weapon)
Armour
 b - a +0 helmet (worn)
 e - a +0 cloak (worn)
 j - a +0 ring mail of fire resistance (worn)
Scrolls
 a - 2 scrolls of identify
Potions
 c - a potion of enlightenment
 i - 3 potions of curing

Dungeon Overview and Level Annotations

Branches:
Dungeon (5/15)             Temple (1/1) D:4

Altars:
Ashenzari
Cheibriados
Dithmenos
Elyvilon
Fedhas
Gozag
Hepliaklqana
Kikubaaqudgha
Nemelex Xobeh
Okawaru
Qazlal
Ru
Sif Muna
Uskayaw
Vehumet
Wu Jian
Xom
Yredelemnul
Zin
The Shining One

Shops:
D:2 [   D:4 =

Annotations:
D:4 1 runed translucent door, Crazy Yiuf


Message History

3767 |||
Found retreat position at -1,1 (floor) with 0 blocking monsters and 3 monsters attacking at destination at distance 1 You shred the net and break free!
The iguana bites you but does no damage.
The gnoll hits you but does no damage. x2
The gnoll hits you from afar with a +0 halberd!
3768 |||
Found retreat position at -1,1 (floor) with 0 blocking monsters and 3 monsters attacking at destination at distance 1
3768 ||| DRINKING potion of heal wounds.
You feel much better. The iguana bites you.
The gnoll hits you but does no damage.
The gnoll hits you from afar with a +0 halberd!
The gnoll hits you with a +0 club.
3769 |||
Found retreat position at -1,1 (floor) with 0 blocking monsters and 3 monsters attacking at destination at distance 1
3769 ||| Stepping ~*~*~tactically~*~*~ (retreating).
You shoot an arrow. The arrow barely misses the iguana.
The arrow barely misses the gnoll.
The gnoll closely misses you.
The iguana hisses menacingly.
The iguana bites you.
The gnoll hits you from afar with a +0 halberd.
You shoot an arrow. The arrow hits the iguana.
The iguana is moderately wounded.
The gnoll barely misses you. The iguana barely misses you.
The gnoll barely misses you. The gnoll hits you but does no damage.
The iguana bites you but does no damage.
You shoot an arrow.
The arrow hits the iguana but does no damage.
The iguana is moderately wounded.
The gnoll hits you but does no damage. The gnoll hits you with a +0 club.
The iguana barely misses you.
You shoot an arrow. The arrow barely misses the iguana.
The arrow closely misses the gnoll.
The gnoll hits you but does no damage. The gnoll completely misses you.
The iguana closely misses you.
You shoot an arrow. The arrow hits the iguana!
The iguana is almost dead.
The gnoll closely misses you. The iguana bites you. The gnoll misses you.
You shoot an arrow. The arrow closely misses the iguana.
The arrow hits the gnoll but does no damage.
The gnoll barely misses you. The iguana bites you!
You die...

#...# ..........
#g..##
#..........
#g..##...........
#................
#...............
. ##..#
#......... ...
##g.## #......<.
#....###l..#
##.......
#....@gg.##
##......
##...##...#
##...## #...
##..## ##..##
#..# ##..# ##..##
#.. #..####..##
#.. #...##..## ..
####......# ...
...........##
...........###


You could see an iguana and 3 gnolls.

Vanquished Creatures
  Grinder (D:4)
  An ogre (D:3)
  A phantom (D:4)
  3 scorpions
  An orc priest (D:4)
  An iguana (D:5)
  2 orc wizards (D:4)
  Robin (D:4)
  A gnoll (D:5)
  3 adders
  2 ufetubi
  9 worms
  5 dart slugs
  6 orcs
  8 ball pythons
  5 endoplasms
  4 giant cockroaches
  17 goblins
  7 hobgoblins
  5 jackals
  A quokka (D:4)
  5 bats
  A frilled lizard (D:1)
  8 kobolds
  7 rats
105 creatures vanquished.

Notes
Turn   | Place    | Note
-------+----------+-------------------------------------------
     0 | D:1      | qw the Gargoyle Hunter began the quest for the Orb.
     0 | D:1      | Reached XP level 1. HP: 12/12 MP: 1/1
     0 | D:1      | 0 ||| qw: Version: 0.3-a-83-gcd0e7d8
     0 | D:1      | 0 ||| qw: Game counter: 1387
     0 | D:1      | 0 ||| qw: Melee chars always use a shield: true
     0 | D:1      | 0 ||| qw: God list: Okawaru
     0 | D:1      | 0 ||| qw: Allow faded altars: false
     0 | D:1      | 0 ||| qw: Do Orc after clearing Dungeon:15 true
     0 | D:1      | 0 ||| qw: Do second Lair branch before Depths: true
     0 | D:1      | 0 ||| qw: Lair rune preference: random
     0 | D:1      | 0 ||| qw: Goals: Normal
     0 | D:1      | 0 ||| PLANNING D:1-11
   123 | D:1      | Reached XP level 2. HP: 17/17 MP: 2/2
   569 | D:1      | 569 ||| UPGRADING to +0 ring mail.
   579 | D:1      | 579 ||| DROPPING +0 leather armour.
   580 | D:1      | 580 ||| UPGRADING to +0 ring mail of fire resistance.
   590 | D:1      | 590 ||| DROPPING +0 ring mail.
   591 | D:1      | 591 ||| READING 2 scrolls labelled SIALUCA VAEDYRPH.
   592 | D:1      | 592 ||| READING 3 scrolls labelled ZOAS CIEPTE.
   593 | D:1      | 593 ||| READING scroll labelled NIUC AKHLOTTUBBUK.
   594 | D:1      | 594 ||| DROPPING scroll of butterflies.
   595 | D:1      | 595 ||| DROPPING 2 scrolls of blinking.
   733 | D:2      | Reached skill level 1 in Armour
   753 | D:2      | Found Zukk's Antique Armour Emporium.
   755 | D:2      | Reached XP level 3. HP: 21/21 MP: 3/3
   948 | D:2      | Reached skill level 5 in Ranged Weapons
  1151 | D:2      | Noticed a scorpion
  1165 | D:2      | Killed a scorpion
  1166 | D:2      | Reached skill level 3 in Fighting
  1166 | D:2      | Reached XP level 4. HP: 11/29 MP: 4/4
  1466 | D:2      | 1466 ||| DROPPING +0 leather armour of poison resistance.
  1467 | D:2      | 1467 ||| READING scroll labelled HEWKAO FIREDE.
  1468 | D:2      | 1468 ||| READING scroll labelled GEHAIGI KAISHI.
  1469 | D:2      | 1469 ||| READING scroll labelled IFOSOS LEYLL.
  1470 | D:2      | 1470 ||| READING 4 scrolls of identify.
  1470 | D:2      | 1470 ||| IDENTIFYING murky cyan potion
  1471 | D:2      | 1471 ||| READING 3 scrolls of identify.
  1471 | D:2      | 1471 ||| IDENTIFYING silvery potion
  1472 | D:2      | 1472 ||| READING 2 scrolls of identify.
  1472 | D:2      | 1472 ||| IDENTIFYING viscous brown potion
  1473 | D:2      | 1473 ||| DROPPING potion of degeneration.
  1494 | D:3      | Noticed an ogre
  1498 | D:3      | 1498 ||| STAIRDANCE
  1505 | D:3      | Killed an ogre
  1506 | D:3      | Reached XP level 5. HP: 33/33 MP: 5/5
  1721 | D:3      | 1721 ||| SWAPPING to +0 orcbow.
  1722 | D:3      | 1722 ||| DROPPING +0 shortbow.
  1888 | D:3      | Reached skill level 6 in Ranged Weapons
  1984 | D:3      | You fall into a shaft and drop 1 floor!
  2024 | D:4      | Reached XP level 6. HP: 38/38 MP: 6/6
  2040 | D:4      | HP: 8/38 [orc/+0 club (2)]
  2041 | D:4      | 2041 ||| DRINKING potion of heal wounds.
  2055 | D:4      | HP: 8/38 [orc/+0 hand axe (3)]
  2300 | D:4      | 2300 ||| UPGRADING to +0 cloak.
  2305 | D:4      | 2305 ||| UPGRADING to amulet of guardian spirit.
  2310 | D:4      | 2310 ||| READING scroll labelled ROUNADUNOE.
  2311 | D:4      | 2311 ||| DRINKING 2 amethyst potions.
  2312 | D:4      | 2312 ||| READING 3 scrolls of identify.
  2312 | D:4      | 2312 ||| IDENTIFYING puce potion
  2313 | D:4      | 2313 ||| DROPPING potion of attraction.
  2564 | D:4      | Reached skill level 7 in Ranged Weapons
  2619 | D:4      | Noticed Robin
  2621 | D:4      | Reached XP level 7. HP: 43/43 MP: 7/7
  2630 | D:4      | Killed Robin
  2643 | D:4      | Noticed Grinder
  2664 | D:4      | Killed Grinder
  2665 | D:4      | Reached skill level 8 in Ranged Weapons
  2770 | D:4      | Found Anluopn's Jewellery Boutique.
  2773 | D:4      | 2773 ||| SHOPLISTING +6 ring of dexterity (360 gold, have
                  | 174).
  2773 | D:4      | 2773 ||| SHOPLISTING ring of Zoumuw {Str+5 Dex+6} (535
                  | gold, have 174).
  2773 | D:4      | 2773 ||| SHOPLISTING ring of fire (250 gold, have 174).
  2773 | D:4      | 2773 ||| SHOPLISTING ring of positive energy (200 gold,
                  | have 174).
  2773 | D:4      | 2773 ||| SHOPLISTING ring of protection from cold (250
                  | gold, have 174).
  2773 | D:4      | 2773 ||| SHOPLISTING ring of protection from fire (250
                  | gold, have 174).
  2773 | D:4      | 2773 ||| SHOPLISTING ring of resist corrosion (200 gold,
                  | have 174).
  2833 | D:4      | Found a staircase to the Ecumenical Temple.
  2834 | D:4      | 2834 ||| PLANNING TEMPLE
  2856 | D:4      | 2856 ||| UPGRADING to +0 helmet.
  2861 | D:4      | 2861 ||| READING scroll labelled ERULUL NEDWEN.
  2882 | Temple   | Entered the Ecumenical Temple
  2883 | Temple   | 2883 ||| PLANNING OKAWARU WORSHIP
  2933 | Temple   | Became a worshipper of Warmaster Okawaru
  2934 | Temple   | 2934 ||| PLANNING D:1-11
  2934 | Temple   | 2934 ||| REMOVING amulet of guardian spirit.
  2939 | Temple   | 2939 ||| DROPPING amulet of guardian spirit.
  3128 | D:4      | Found a runed translucent door.
  3129 | D:4      | Noticed Crazy Yiuf
  3406 | D:4      | 3406 ||| DROPPING +6 ring of intelligence.
  3407 | D:4      | 3407 ||| READING scroll labelled AFFY ZYROWINWA.
  3441 | D:5      | Entered Level 5 of the Dungeon
  3460 | D:5      | 3460 ||| Stepping ~*~*~tactically~*~*~ (retreating).
  3461 | D:5      | 3461 ||| Stepping ~*~*~tactically~*~*~ (retreating).
  3489 | D:5      | HP: 7/44 [worm (7)]
  3756 | D:5      | 3756 ||| RETREEAATING.
  3757 | D:5      | 3757 ||| Stepping ~*~*~tactically~*~*~ (retreating).
  3758 | D:5      | 3758 ||| Stepping ~*~*~tactically~*~*~ (retreating).
  3763 | D:5      | 3763 ||| Stepping ~*~*~tactically~*~*~ (retreating).
  3767 | D:5      | HP: 9/44 [gnoll/+0 halberd (7)]
  3768 | D:5      | 3768 ||| DRINKING potion of heal wounds.
  3769 | D:5      | 3769 ||| Stepping ~*~*~tactically~*~*~ (retreating).
  3774 | D:5      | HP: 7/44 [iguana (6)]
  3775 | D:5      | Slain by an iguana

Levels and vault maps discovered:
D:1:      zelgadis_glass_arrival_small, layout_loops_cross,
          hangedman_abyss_or_decor_lesser_grid
D:2:      layout_basic, serial_shops, shop
D:3:      layout_loops_ring
D:4:      layout_rooms, temple_green, serial_shops, shop, serial_glass,
          glass_columns_b, glass_columns_a, nicolae_figureground_sparkle,
          uniq_grinder, uniq_crazy_yiuf_cottage, uniq_robin
D:5:      layout_layer_cave, eino_tiny_chamber, nicolae_wormholes, uniq_edmund
Temple:   mainiacjoe_temple_cubbyholes

Skill      XL: |  1  2  3  4  5  6  7 |
---------------+----------------------+-----
Armour         | 1 2 |  2.5
Ranged Weapons | 5 6 7 8 |  8.4
Fighting       | 3 4 |  4.7
Dodging        | |  1.5
Stealth        | |  1.1

Action                     |  1- 3 |  4- 6 |  7- 9 || total
---------------------------+-------+-------+-------++-------
   Fire: Shortbow          |    99 |    50 |       ||   149
         Orcbow            |       |   109 |   139 ||   248
    Use: Scroll            |     3 |     8 |     2 ||    13
         Potion            |       |     2 |     1 ||     3
 Armour: Leather armour    |     8 |       |       ||     8
         Ring mail         |    21 |   102 |   162 ||   285
  Dodge: Dodged            |    15 |    98 |   123 ||   236

Table legend:
 A = Non-vault XP
 B = Vault XP
 C = Vault XP percentage of total XP
 D = Non-vault monster count
 E = Vault monster count
 F = Vault count percentage of total count
                 A         B        C        D         E       F
            +---------+---------+-------+---------+---------+-------
      Total |     825 |     366 |  30.7 |      84 |      21 |  20.0
            +---------+---------+-------+---------+---------+-------
        D:1 |      20 |       0 |   0.0 |      12 |       0 |   0.0
        D:2 |     130 |       0 |   0.0 |      24 |       0 |   0.0
        D:3 |     144 |       0 |   0.0 |      16 |       0 |   0.0
        D:4 |     465 |     326 |  41.2 |      28 |      13 |  31.7
        D:5 |      66 |      40 |  37.7 |       4 |       8 |  66.7
            +---------+---------+-------+---------+---------+-------
